 Dungeon Crawl Stone Soup version 0.30-a0-782-ge64f9170bb (webtiles) character file.

Game seed: 12513891767086171604

163580 DavidChitty2 the Warrior (level 17, -15/149 HPs)
             Began as a Minotaur Fighter on Mar 15, 2023.
             Was the Champion of Okawaru.
             Demolished by a naga warrior
             ... wielding a +0 war axe
              (30 damage)
             ... on level 4 of the Snake Pit.
             The game lasted 00:43:39 (34064 turns).

DavidChitty2 the Warrior (Minotaur Fighter)        Turns: 34064, Time: 00:43:40

Health: -15/149    AC: 28    Str: 29    XL:     17   Next: 24%
Magic:  0/32       EV: 14    Int: 10    God:    Okawaru [******]
Gold:   3882       SH: 18    Dex: 10    Spells: 16/16 levels left

rFire   . . .      SeeInvis .    a - +9 broad axe (elec)
rCold   + + +      Faith    .    K - +0 tower shield
rNeg    . . .      Spirit   +    j - +1 plate armour
rPois   +          Reflect  .    O - +2 hat of Thoughtfulness {MP+9}
rElec   .          Harm     .    U - +0 cloak
rCorr   .          Rampage  .    Q - +0 pair of gloves
Will    +....                    h - +2 pair of boots {Fly} Stlth
                                 N - amulet of Vosut {Spirit Fly rC+++ Dex-2}
HPRegen 0.44/turn                S - ring of Nudghyetz {EV+5 Str+2 Int+5}
MPRegen 0.23/turn                y - ring of poison resistance

@: flying, slowed, very slow
A: horns 2, retaliatory headbutt, frail 1
a: Renounce Religion, Heroism, Finesse, Duel


You were on level 4 of the Snake Pit.
You worshipped Okawaru.
Okawaru was exalted by your worship.
You visited 5 branches of the dungeon, and saw 27 of its levels.
You also visited: Sewer and Volcano.

You collected 3882 gold pieces.

Inventory:

Hand Weapons
 a - a +9 broad axe of electrocution (weapon)
   (You took it off a death knight on level 14 of the Dungeon)
 b - a +0 demon whip of venom
   (You took it off Amaemon on level 8 of the Dungeon)
Missiles
 B - 4 throwing nets (quivered) {!f}
Armour
 h - a +2 pair of boots of flying (worn)
   (Okawaru gifted it to you on level 3 of the Snake Pit)
 j - a +1 plate armour (worn)
   (You found it on level 1 of the Dungeon)
 K - a +0 tower shield (worn)
   (You found it on level 3 of the Lair of Beasts)
 O - the +2 hat of Thoughtfulness (worn) {MP+9}
   (Okawaru gifted it to you on level 15 of the Dungeon)

   MP:        It affects your magic capacity (+9).
 Q - a +0 pair of gloves (worn)
   (You found it on level 12 of the Dungeon)
 U - a +0 cloak (worn)
   (You found it on level 2 of the Dungeon)
Jewellery
 i - a ring of protection from fire
   (You found it on level 2 of the Dungeon)
 o - a ring of protection from cold
   (You found it in a volcano)
 y - a ring of poison resistance (right hand)
   (You found it on level 3 of the Dungeon)
 z - a ring of willpower
   (You found it on level 1 of the Dungeon)
 J - a ring of fire
   (You found it on level 11 of the Dungeon)
 N - the amulet of Vosut (around neck) {Spirit Fly rC+++ Dex-2}
   (You acquired it on level 2 of the Lair of Beasts)

   [amulet of guardian spirit]

   It causes incoming damage to be divided between your reserves of health and
   magic.
   Dex:       It affects your dexterity (-2).
   rC:        It renders you almost immune to cold.
   Fly:       It grants you flight.
 S - the ring of Nudghyetz (left hand) {EV+5 Str+2 Int+5}
   (You acquired it on level 14 of the Dungeon)

   [ring of evasion]

   EV:        It affects your evasion (+5).
   Str:       It affects your strength (+2).
   Int:       It affects your intelligence (+5).
 V - an amulet of reflection
   (You found it on level 2 of the Snake Pit)
Wands
 d - a wand of iceblast (38)
   (You found it on level 8 of the Dungeon)
 k - a wand of light (15)
   (You found it in a sewer)
 t - a wand of flame (7)
   (You found it on level 3 of the Lair of Beasts)
 v - a wand of digging (16)
   (You took it off Pikel on level 7 of the Dungeon)
 C - a wand of polymorph (20)
   (You found it on level 4 of the Dungeon)
 E - a wand of mindburst (13)
   (You found it on level 8 of the Dungeon)
Scrolls
 f - 5 scrolls of fear
 g - 6 scrolls of fog
 m - 8 scrolls of vulnerability {!r}
 s - a scroll of brand weapon
 u - 6 scrolls of teleportation {@r4}
 w - 20 scrolls of identify {@r1}
 A - 7 scrolls of immolation {!r}
 M - 3 scrolls of enchant armour
 P - a scroll of blinking
 T - 5 scrolls of poison {!r}
 W - a scroll of magic mapping
 X - a scroll of acquirement
Potions
 c - 4 potions of resistance
 e - 3 potions of haste {@q3}
 l - 4 potions of brilliance
 n - 3 potions of curing {@q1}
 p - a potion of heal wounds {@q2}
 q - 5 potions of mutation {!q}
 r - a potion of flight
 x - 5 potions of magic
 D - a potion of invisibility
 F - 8 potions of attraction {!q}
 G - 2 potions of lignification {!q}
 H - 3 potions of might
 I - 2 potions of ambrosia
 Y - a potion of berserk rage


   Skills:
 + Level 18.6 Fighting
 - Level 18.0 Axes
 + Level 18.5 Armour
 + Level 7.2 Dodging
 + Level 16.6 Shields
 - Level 10.0 Invocations


You had 16 spell levels left.
You didn't know any spells.
Your spell library contained the following spells:

 Spells                   Type           Power      Damage    Failure   Level
 Sting                    Tmut/Pois      0%         1d3       99%         1
 Ensorcelled Hibernation  Hex/Ice        0%         N/A       100%        2
 Passwall                 Tmut/Erth      0%         N/A       100%        2
 Dazzling Flash           Conj/Hex       0%         N/A       100%        3
 Gell's Gravitas          Tloc           0%         N/A       100%        3
 Spider Form              Tmut/Pois      0%         N/A       100%        3
 Swiftness                Air            0%         N/A       100%        3
 Teleport Other           Tloc           0%         N/A       100%        3
 Anguish                  Hex/Necr       0%         N/A       100%        4
 Iskenderun's Mystic Bla  Conj/Tloc      0%         2d3       100%        4
 Passage of Golubria      Tloc           0%         N/A       100%        4
 Yara's Violent Unravell  Hex/Tmut       0%         3d3       100%        5
 Dispersal                Tloc           0%         N/A       100%        6
 Starburst                Conj/Fire      0%         6d3       100%        6
 Tukima's Dance           Hex            Unusable   N/A       N/A         3

Dungeon Overview and Level Annotations

Branches:
Dungeon (15/15)            Temple (1/1) D:6            Lair (5/5) D:9
 Shoals (0/4) Lair:3        Snake (4/4) Lair:2        Slime (0/5) Lair:4
    Orc (2/2) D:11            Elf (0/3) Orc:2        Vaults (0/5) D:13
 Depths (0/4) D:15          Sewer (visited)         Volcano (visited)

Altars:
Ashenzari
Cheibriados
Dithmenos
Elyvilon
Fedhas
Gozag
Hepliaklqana
Kikubaaqudgha
Makhleb
Nemelex Xobeh
Okawaru
Qazlal
Ru
Sif Muna
Trog
Uskayaw
Vehumet
Wu Jian
Xom
Yredelemnul
Zin
The Shining One

Shops:
Orc:2 *[:(   Snake:1 :==

Portals:
Trove: D:12 (give +3 storm dragon scales)

Annotations:
D:6 1 transporter, B1inky's ghost, novice DsFi
D:11 2 transporters, UltraNumeron's ghost, journeyman GnWn
D:15 1 runed translucent door
Lair:4 1 runed translucent door, Sudiex's ghost, journeyman DsFE


Innate Abilities, Weirdness & Mutations

You have a pair of horns on your head.
You reflexively headbutt those who attack you in melee.
You are frail. (-10% HP)


Message History

You kill the naga warrior!
Okawaru accepts your kill.
You feel sick.
You are no longer poisoned.
The nagaraja hits you with a +0 spear!! The nagaraja constricts you.
* * * LOW HITPOINT WARNING * * *
You escape the nagaraja's grasp.
The nagaraja attacks as you move away! The nagaraja hits you with a +0 spear!!
* * * LOW HITPOINT WARNING * * *
The naga mage spits poison at you.
The splash of poison hits you but does no damage.
You resist. The nagaraja spits poison at you.
The splash of poison hits you but does no damage.
You have difficulty breathing.
* * * LOW HITPOINT WARNING * * *
You feel yourself slow down.
The naga sharpshooter casts a spell.
You feel much better. You block the nagaraja's attack.
The nagaraja hits you from afar with a +0 spear!!!
* * * LOW HITPOINT WARNING * * *
The naga mage hits you with a +0 flail!
* * * LOW HITPOINT WARNING * * *
The naga mage grabs you. The naga mage constricts you.
* * * LOW HITPOINT WARNING * * *
You feel much better. You block the naga mage's attack.
The naga mage constricts you.
* * * LOW HITPOINT WARNING * * *
The nagaraja hits you from afar with a +0 spear!
* * * LOW HITPOINT WARNING * * *
The naga mage loses its grip on you.
The nagaraja gestures at you while chanting.
The bolt of poison hits the naga warrior.
The bolt of poison hits you! You resist.
* * * LOW HITPOINT WARNING * * *
You slice the naga warrior!! The naga warrior blocks your attack.
The nagaraja hits you but does no damage.
The naga mage points at you and mumbles some strange words.
The bolt of poison hits the naga warrior.
The bolt of poison misses you.
The nagaraja hits you from afar with a +0 spear!!
* * * LOW HITPOINT WARNING * * *
The naga sharpshooter gestures wildly while chanting.
The naga sharpshooter magically shoots an arrow.
You block the arrow.
You hit the naga warrior.
The nagaraja is no longer moving quickly.
You block the nagaraja's attack.
The naga warrior hits you with a +0 war axe!!
You die...

#..## ##.#### ##........#..
....#####...# #............
.....##..#### #............
...)...### #.....N.....N ...)...#
#............ ...)...##
#...N.[...... ........# ######
######N..##.)N#
........###....####.# #..[.###.##
.)..........##..@NNN# #[..####)##
........######.###N.###)###.#...#
.......######.#####.......N....N[
#.##..####........#...#####..N...
.#####.#...............###N....NN
## ##...............#.(........N
###...............####......... #
#............)....# ##........
###.....).....).....# ##..N.<.S


You could see a nagaraja (strong, curare), a naga warrior (strong), a naga
sharpshooter (strong) and a naga mage (fast, strong).

Vanquished Creatures
  Rupert (D:13)
  Jorgrun (Snake:3)
  A tengu reaver (D:14)
  A sphinx (D:14)
  Kirke (Arena)
  2 nagarajas
  2 frost giants (D:14)
  A juggernaut zombie (D:15)
  An orc warlord (Orc:1)
  Nessos (D:15)
  Snorg (D:10)
  Fannar (Lair:1)
  A salamander tyrant (Snake:2)
  3 hydras
  5 centaur warriors
  Erolcha (Orc:1)
  6 anacondas
  5 catoblepae
  9 naga warriors
  A death knight (D:14)
  5 two-headed ogres
  9 boulder beetles
  2 tengu warriors
  14 death yaks
  14 naga sharpshooters
  5 orc high priests
  9 shock serpents
  Sonja (Lair:1)
  A fire crab (shapeshifter) (D:15)
  Amaemon (D:8)
  2 skeletal warriors (D:15)
  A skyshark (Lair:5)
  A salamander mystic (Snake:3)
  5 naga ritualists
  Pikel (D:7)
  4 orc knights
  2 phantasmal warriors
  A necromancer (D:15)
  7 orc sorcerers
  2 wizards
  3 deep elf pyromancers
  11 mana vipers
  A fire giant zombie (D:15)
  10 ugly things
  3 cyclopes
  3 manticores
  11 salamanders
  3 elephants (Lair:4)
  A salamander (shapeshifter) (D:12)
  35 black mambas
  3 guardian serpents
  15 naga magi
  A molten gargoyle (Volcano)
  A smoke demon (Volcano)
  A gargoyle (D:13)
  17 cane toads
  3 kobold demonologists
  An orange demon (D:8)
  16 rime drakes
  4 yaktaurs (D:13)
  8 komodo dragons
  2 unseen horrors (D:12)
  2 freezing wraiths (D:14)
  A tengu conjurer (D:14)
  A spriggan skeleton (D:15)
  9 trolls
  Prince Ribbit (D:6)
  A meliai (D:14)
  2 polar bears (Lair:4)
  8 hornets
  11 blink frogs
  12 dream sheep (Lair:4)
  11 slime creatures
  2 shadows
  3 wyverns
  3 wraiths
  4 basilisks
  38 yaks
  19 humans
  3 vampire mosquitoes (D:11)
  8 fire bats
  9 steam dragons
  Eustachio (D:6)
  A glowing shapeshifter zombie (D:15)
  32 nagas
  6 wargs (Orc:1)
  A hell hound (Volcano)
  An acid dragon (D:14)
  Pargi (Sewer)
  9 water moccasins
  28 orc warriors
  An ice beast (D:7)
  2 sky beasts (D:7)
  6 ogres
  10 wolves (Lair:3)
  A centaur (D:4)
  3 lemures (D:7)
  5 kobold brigands
  A necrophage (D:7)
  7 bullfrogs
  4 scorpions
  A gnoll sergeant (D:10)
  3 wights (D:7)
  A wyvern zombie (D:6)
  A water moccasin zombie (D:6)
  5 jellies
  14 killer bees
  2 howler monkeys
  An electric eel (D:8)
  6 lava snakes (Volcano)
  2 bullfrog zombies (D:6)
  4 hounds
  2 gnoll boudas
  17 orc priests
  5 iguanas
  25 orc wizards
  2 killer bee zombies (D:6)
  19 gnolls
  A howler monkey zombie (D:6)
  11 adders
  2 shadow imps
  2 white imps
  An ufetubus (D:6)
  4 worms
  3 dart slugs
  70 orcs
  10 endoplasms
  7 giant cockroaches
  7 goblins
  2 hobgoblins
  4 jackals (Sewer)
  19 kobolds
  3 quokkas
  7 ball pythons
  6 bats
  3 frilled lizards
  6 rats
831 creatures vanquished.

Vanquished Creatures (others)
  A red devil (Volcano)
  An orc wizard (Orc:2)
  17 fungi
  31 plants
  3 withered plants (D:15)
53 creatures vanquished.

Grand Total: 884 creatures vanquished

Notes
Turn   | Place    | Note
-------+----------+-------------------------------------------
     0 | D:1      | DavidChitty2 the Minotaur Fighter began the quest for the
                  | Orb.
     0 | D:1      | Reached XP level 1. HP: 19/19 MP: 0/0
   316 | D:1      | Reached XP level 2. HP: 27/27 MP: 1/1
   406 | D:1      | Found a faded altar of an unknown god.
   928 | D:2      | Reached XP level 3. HP: 33/33 MP: 2/2
  1063 | D:2      | Found a basalt altar of Yredelemnul.
  1479 | D:2      | Reached XP level 4. HP: 23/40 MP: 3/3
  1853 | D:3      | Reached XP level 5. HP: 27/47 MP: 4/4
  2269 | D:3      | Reached skill level 5 in Axes
  2400 | D:3      | Reached XP level 6. HP: 55/55 MP: 5/5
  2483 | D:3      | Reached skill level 5 in Shields
  2488 | D:3      | Reached skill level 5 in Armour
  2579 | D:3      | Reached skill level 5 in Fighting
  3457 | D:4      | Reached XP level 7. HP: 61/61 MP: 6/6
  3614 | D:5      | Entered Level 5 of the Dungeon
  3721 | D:5      | Found a shadowy altar of Dithmenos.
  4413 | D:6      | Reached XP level 8. HP: 51/70 MP: 7/7
  4522 | D:6      | Found a basalt altar of Yredelemnul.
  4596 | D:6      | Noticed Prince Ribbit
  4609 | D:6      | Killed Prince Ribbit
  4616 | D:6      | Found a staircase to the Ecumenical Temple.
  4623 | D:6      | Noticed Eustachio
  4628 | D:6      | Found a glowing drain.
  4631 | D:6      | Killed Eustachio
  4640 | Sewer    | Entered a sewer
  4743 | Sewer    | Noticed Pargi
  4752 | Sewer    | Killed Pargi
  4813 | Temple   | Entered the Ecumenical Temple
  4861 | Temple   | Became a worshipper of Warmaster Okawaru
  5023 | D:6      | Noticed B1inky's ghost (novice DsFi)
  5025 | D:6      | Found a transporter.
  5128 | D:6      | Reached skill level 1 in Invocations
  5273 | D:6      | Found a hide-covered altar of Uskayaw.
  5274 | D:6      | Noticed a troll
  5280 | D:6      | Killed a troll
  5280 | D:6      | Reached * piety under Okawaru
  5281 | D:6      | Reached XP level 9. HP: 56/79 MP: 7/9
  5518 | D:6      | Identified the +8 dire flail of Day {flame, rN+++ Int+2
                  | Dex-2 SInv}
  5518 | D:6      | Noticed a two-headed ogre
  5714 | D:7      | Noticed Pikel
  5733 | D:7      | Killed Pikel
  5733 | D:7      | Reached ** piety under Okawaru
  5734 | D:7      | Reached skill level 10 in Axes
  6669 | D:7      | Found a shimmering blue altar of Sif Muna.
  6824 | D:8      | Noticed an orange demon
  6824 | D:8      | Noticed Amaemon
  6837 | D:8      | Killed Amaemon
  6837 | D:8      | Reached *** piety under Okawaru
  6838 | D:8      | Reached XP level 10. HP: 16/90 MP: 11/11
  6840 | D:8      | Killed an orange demon
  7265 | D:8      | Reached **** piety under Okawaru
  7983 | D:9      | Identified the +1 robe "Tayfop" {Rampage Will- MP+9 Stlth-}
  8004 | D:9      | Received a gift from Okawaru
  8066 | D:9      | Noticed a two-headed ogre
  8072 | D:9      | Killed a two-headed ogre
  8177 | D:9      | Reached skill level 5 in Invocations
  8389 | D:9      | Found a shimmering altar of Xom.
  8536 | D:9      | Found a staircase to the Lair.
  8676 | D:9      | Reached XP level 11. HP: 97/97 MP: 13/13
  8828 | D:9      | Found a radiant altar of Vehumet.
  8828 | D:9      | Found a bloodstained altar of Trog.
  8834 | D:9      | Found a burning altar of Makhleb.
  8836 | D:9      | Found a broken altar of Ashenzari.
  8838 | D:9      | Found a glowing silver altar of Zin.
  9330 | D:10     | Entered Level 10 of the Dungeon
  9573 | D:10     | Reached ***** piety under Okawaru
  9718 | D:10     | Noticed Snorg
  9728 | D:10     | Killed Snorg
 10131 | D:11     | Noticed a white ugly thing
 10142 | D:11     | Killed a white ugly thing
 10142 | D:11     | Received a gift from Okawaru
 10143 | D:11     | Reached skill level 10 in Fighting
 10191 | D:11     | Reached skill level 10 in Shields
 10204 | D:11     | Reached skill level 10 in Armour
 10391 | Lair:1   | Entered Level 1 of the Lair of Beasts
 10391 | Lair:1   | Noticed Sonja
 10744 | Lair:1   | Found a gate leading to a gauntlet.
 10905 | Lair:1   | Noticed Fannar
 10929 | Lair:1   | Killed Fannar
 11118 | Lair:1   | Killed Sonja
 11118 | Lair:1   | Identified the +5 ring mail "Fiejul" {Str+2} (Okawaru
                  | gifted it to you on level 1 of the Lair of Beasts)
 11118 | Lair:1   | Received a gift from Okawaru
 11675 | Lair:2   | Identified a scroll of acquirement
 11675 | Lair:2   | Acquired the amulet of Vosut {Spirit Fly rC+++ Dex-2}
 11844 | Lair:2   | Reached XP level 12. HP: 108/108 MP: 15/15
 12676 | Lair:2   | Found a staircase to the Snake Pit.
 12981 | Lair:3   | Noticed a death yak
 12982 | Lair:3   | Noticed a death yak
 12983 | Lair:3   | Noticed a death yak
 12983 | Lair:3   | Noticed a death yak
 12984 | Lair:3   | Noticed a death yak
 12993 | Lair:3   | Killed a death yak
 12993 | Lair:3   | Killed a death yak
 12998 | Lair:3   | Killed a death yak
 13000 | Lair:3   | Killed a death yak
 13000 | Lair:3   | Received a gift from Okawaru
 13001 | Lair:3   | Reached skill level 15 in Axes
 13007 | Lair:3   | Killed a death yak
 13128 | Lair:3   | Found a staircase to the Shoals.
 13299 | Lair:3   | Noticed a six-headed hydra
 13309 | Lair:3   | Killed a six-headed hydra
 13314 | Lair:3   | Noticed an eight-headed hydra
 13331 | Lair:3   | Killed an eight-headed hydra
 13667 | Lair:3   | Reached ****** piety under Okawaru
 13748 | Lair:3   | Reached XP level 13. HP: 91/117 MP: 14/17
 13854 | Lair:3   | Received a gift from Okawaru
 14553 | Lair:3   | Identified the +1 scale mail of Hedging {Drain rN++ Will+
                  | MP+9 SInv}
 14822 | Lair:4   | Found a runed translucent door.
 14824 | Lair:4   | Noticed Sudiex's ghost (journeyman DsFE)
 15226 | Lair:4   | Found a staircase to the Slime Pits.
 15654 | Lair:5   | Entered Level 5 of the Lair of Beasts
 16077 | Lair:4   | Identified the +6 quarterstaff "Plog" {flame, rF+ Dex+4}
                  | (Okawaru gifted it to you on level 4 of the Lair of Beasts)
 16077 | Lair:4   | Received a gift from Okawaru
 16880 | Lair:5   | Reached XP level 14. HP: 115/127 MP: 17/19
 17250 | Lair:5   | Identified the +7 battleaxe of Ehiliank {heavy, +Blink
                  | rN+++ MP+9 Str-2} (Okawaru gifted it to you on level 5 of
                  | the Lair of Beasts)
 17250 | Lair:5   | Received a gift from Okawaru
 18490 | D:11     | Identified the +1 robe of the Sturgeon {rElec Str-5 SInv}
                  | (Okawaru gifted it to you on level 11 of the Dungeon)
 18490 | D:11     | Received a gift from Okawaru
 18512 | D:11     | Found a transporter.
 18519 | D:11     | Noticed UltraNumeron's ghost (journeyman GnWn)
 18521 | D:11     | Found a transporter.
 18719 | D:11     | Found a staircase to the Orcish Mines.
 19849 | D:12     | Found a portal to a secret trove of treasure.
 19992 | D:13     | Noticed Rupert
 19992 | D:13     | Found a gate to the Vaults.
 20268 | D:13     | Reached skill level 10 in Invocations
 20512 | D:13     | Killed Rupert
 21245 | D:14     | Identified the +2 chain mail "Dinonit" {Rampage Regen+
                  | Str+5 Int-5} (Okawaru gifted it to you on level 14 of the
                  | Dungeon)
 21245 | D:14     | Received a gift from Okawaru
 21246 | D:14     | Reached XP level 15. HP: 126/139 MP: 19/21
 21419 | D:14     | Noticed a frost giant
 21432 | D:14     | Acquired the ring of Nudghyetz {EV+5 Str+2 Int+5}
 21543 | D:14     | Noticed a frost giant
 21546 | D:14     | Noticed a tengu reaver
 21570 | D:14     | Noticed a sphinx
 21587 | D:14     | Killed a sphinx
 21591 | D:14     | Killed a frost giant
 21596 | D:14     | Killed a frost giant
 21609 | D:14     | Identified the +5 sling "Roylurio" {flame, Fragile rN+
                  | Int-3 Dex+8}
 21703 | D:14     | Killed a tengu reaver
 22014 | D:14     | Reached skill level 15 in Fighting
 22108 | D:14     | Reached skill level 15 in Shields
 22340 | D:15     | Entered Level 15 of the Dungeon
 22372 | D:15     | Acquired 638 gold pieces
 22389 | D:15     | Reached skill level 15 in Armour
 22420 | D:15     | Found a staircase to the Depths.
 22421 | D:15     | Noticed Kirke
 22424 | Arena    | Entered the Arena
 22439 | Arena    | Killed Kirke
 22771 | D:15     | Identified the +2 hat of Thoughtfulness {MP+9} (Okawaru
                  | gifted it to you on level 15 of the Dungeon)
 22771 | D:15     | Received a gift from Okawaru
 23054 | D:15     | Noticed Nessos
 23073 | D:15     | Killed Nessos
 23345 | D:15     | Found a runed translucent door.
 23597 | D:15     | Found a burning altar of Makhleb.
 23738 | Orc:1    | Entered Level 1 of the Orcish Mines
 23896 | Orc:1    | Noticed Erolcha
 23905 | Orc:1    | Killed Erolcha
 24090 | Orc:1    | Found a dark tunnel.
 24101 | Volcano  | Entered a volcano
 24261 | Volcano  | Found a radiant altar of Vehumet.
 24716 | Orc:2    | Entered Level 2 of the Orcish Mines
 24890 | Orc:2    | Paralysed by an orc sorcerer for 5 turns
 25260 | Orc:2    | Found Juugrul's Antique Armour Boutique.
 25807 | Orc:2    | Gained mutation: You are frail. (-10% HP) [a neqoxec]
 25809 | Orc:2    | Reached XP level 16. HP: 134/139 MP: 22/22
 25925 | Orc:2    | Found a staircase to the Elven Halls.
 25930 | Orc:2    | Found Ummea's General Store.
 25984 | Orc:2    | Found Xamapran's Antique Weapon Shoppe.
 26023 | Orc:2    | Found a shimmering blue altar of Sif Muna.
 26041 | Orc:2    | Got Sif Muna's Parchment of Reconstruction
 26156 | Orc:2    | Found Yhoil's Book Emporium.
 26278 | Orc:1    | Received a gift from Okawaru
 26537 | Snake:1  | Entered Level 1 of the Snake Pit
 26857 | Snake:1  | Reached skill level 1 in Dodging
 26991 | Snake:1  | Found Asaebifo's Jewellery Boutique.
 26993 | Snake:1  | Found Ycwiu's Book Emporium.
 26994 | Snake:1  | Found Remiass's Jewellery Boutique.
 28175 | Snake:1  | Identified the +0 battleaxe of the Spinneret {heavy, rC+
                  | rCorr MP-9} (Okawaru gifted it to you on level 1 of the
                  | Snake Pit)
 28175 | Snake:1  | Received a gift from Okawaru
 29978 | Snake:2  | Received a gift from Okawaru
 30388 | Snake:3  | Reached skill level 5 in Dodging
 31247 | Snake:3  | Noticed Jorgrun
 31272 | Snake:3  | Killed Jorgrun
 31490 | Snake:3  | Received a gift from Okawaru
 31821 | Snake:4  | Entered Level 4 of the Snake Pit
 32078 | Snake:4  | Reached XP level 17. HP: 144/149 MP: 23/23
 34064 | Snake:4  | Demolished by a naga warrior

Illustrated notes

Levels and vault maps discovered:
D:1:      evilmike_arrival_hilbert_curve, layout_basic,
          hellmonk_ecumenical_altar_lost_god, minmay_pentomino_t4
D:2:      kennysheep_six_static_rooms, layout_loops_ring, basic_altar
D:3:      layout_basic, chequers_serial_rivers_room_b
D:4:      layout_basic
D:5:      layout_basic, mainiacjoe_overflow_small_starburst
D:6:      layout_basic, nicolae_yredelemnul_corpse_copse,
          minmay_temple_entry_hall, cheibrodos_sewer_entry_drain,
          gammafunk_ghost_smash, minivault_19, minmay_ruined_shrine,
          uniq_prince_ribbit1, uniq_eustachio
D:7:      layout_layer_cave, mainiacjoe_overflow_alcove_4, uniq_pikel
D:8:      layout_basic, serial_bayou_pond_c, uniq_amaemon
D:9:      layout_grid_maze, mainiacjoe_overflow_24_doors,
          chequers_temple_overflow_minitemple, dpeg_oklobed_lair
D:10:     layout_gridville, uniq_snorg
D:11:     layout_rooms, orc_0_dummy, nzn_ghost_randoct
D:12:     layout_gridville, nicolae_trove_entry_isolated
D:13:     layout_roguey, david_vaults_3
D:14:     cheibrodos_elevator_heist, layout_basic, minmay_misc_feat_five,
          nicolae_two_hexagons, minivault_20, minmay_diamond_spiral
D:15:     gammafunk_depths_entry_grave, layout_loops_ring,
          minmay_misc_feat_roman, nicolae_danse_macabre, uniq_nessos, uniq_kirke
Temple:   cyrus_circular_temple
Lair:1:   layout_regular_city, gauntlet_entry_generic, serial_rivers,
          chequers_serial_rivers_micro_c, chequers_serial_rivers_small_b,
          chequers_serial_rivers_large_a, chequers_serial_rivers_small_b,
          patterned_corridor, uniq_sonja, uniq_fannar
Lair:2:   layout_misc_corridors, nicolae_snake_entry_squirm,
          chequers_serial_rivers_micro_a, dreamdust_wasp_nest,
          grunt_megastairs_4, serial_bayou_shore_a
Lair:3:   layout_small_grid, shoals_dummy_entry, bobbens_dragon_lair_wall,
          lemuel_fruit_tree
Lair:4:   layout_roguey, nicolae_slime_entry_field_trip,
          ebering_ghost_inner_flame
Lair:5:   evilmike_catoblepas_cave, layout_big_grid
Snake:1:  layout_layer_cave, nicolae_snake_double_loop, minmay_shop_grove,
          grunt_megastairs_1
Snake:2:  layout_grid_maze
Snake:3:  layout_grid_maze, uniq_jorgrun
Snake:4:  snake_pit, layout_chambers, serial_bayou_shore_b, serial_bayou_shore_b
Orc:1:    layout_caves, nicolae_volcano_entry_batcave, uniq_erolcha
Orc:2:    grunt_orc_gardens, layout_diamond_mine, grunt_orc_garden,
          grunt_orc_garden, grunt_orc_garden, grunt_orc_garden, led_sif_book

Skill      XL: |  1  2  3  4  5  6  7  8  9 10 11 12 13 14 15 16 17 |
---------------+----------------------------------------------------+-----
Axes           | 3 4 5 6 7 9 11 12 14 15 17 18 | 18.0
Fighting       | 4 5 6 7 8 9 10 11 12 14 17 18 | 18.6
Armour         | 4 5 6 7 8 9 10 11 12 14 16 18 | 18.5
Shields        | 4 5 6 7 8 9 10 11 12 14 15 16 | 16.6
Invocations    | 1 3 5 6 7 9 10 | 10.0
Dodging        | 6 7 |  7.2

Action                     |  1- 3 |  4- 6 |  7- 9 | 10-12 | 13-15 | 16-18 || total
---------------------------+-------+-------+-------+-------+-------+-------++-------
  Melee: War axe           |    72 |   154 |   243 |   457 |   650 |       ||  1576
         Headbutt          |    10 |    22 |    31 |    93 |   217 |   119 ||   492
         Demon whip        |       |       |       |    13 |     9 |       ||    22
         Broad axe         |       |       |       |       |   293 |   522 ||   815
         Unarmed           |       |       |       |       |    12 |       ||    12
 Invoke: Heroism           |       |       |       |     4 |     4 |       ||     8
         Finesse           |       |       |       |       |     2 |       ||     2
         Duel              |       |       |       |       |     1 |       ||     1
  Evoke: Wand              |       |       |       |       |       |     3 ||     3
    Use: Scroll            |       |       |    18 |     9 |    17 |     3 ||    47
         Potion            |       |       |     5 |     3 |     3 |     3 ||    14
   Stab: Petrified         |       |       |       |       |     8 |       ||     8
         Petrifying        |       |       |       |       |     2 |       ||     2
 Armour: Plate armour      |    57 |    87 |   159 |   280 |   444 |   178 ||  1205
         Scale mail        |     4 |       |       |       |       |       ||     4
  Dodge: Dodged            |    14 |    25 |    75 |   129 |   178 |   150 ||   571
  Block: Buckler           |     2 |       |       |       |       |       ||     2
         Kite shield       |    34 |    78 |   153 |   226 |       |       ||   491
         Tower shield      |       |       |       |    25 |   841 |   485 ||  1351

Table legend: (Time is in decaauts)
 A = Elapsed time spent in this place.
 B = Non-inter-level travel time spent in this place.
 C = Inter-level travel time spent in this place.
 D = Time resting spent in this place.
 E = Time spent auto-exploring this place.
 F = Levels seen in this place.
 G = Mean time per level.
                   A        B        C        D        E       F      G
               +--------+--------+--------+--------+--------+-----+--------+
         Total |  34118 |  32472 |   1646 |   5637 |  20917 |  30 | 1137.3 |
       Dungeon |  15716 |  14636 |   1080 |   1373 |  10278 |  15 | 1047.7 |
        Temple |     61 |     49 |     12 |      0 |     35 |   1 |   61.0 |
          Lair |   7992 |   7609 |    383 |   2105 |   4272 |   5 | 1598.4 |
     Snake Pit |   7479 |   7374 |    105 |   1282 |   5100 |   4 | 1869.8 |
  Orcish Mines |   2161 |   2095 |     66 |    818 |    809 |   2 | 1080.5 |
         Sewer |    167 |    167 |      0 |      0 |    114 |   1 |  167.0 |
       Volcano |    519 |    519 |      0 |     59 |    308 |   1 |  519.0 |
         Arena |     19 |     19 |      0 |      0 |      0 |   1 |   19.0 |
               +--------+--------+--------+--------+--------+-----+--------+

Top non-repeatable levels by time:
 Snake:3: 2588 daAuts
 Snake:1: 2044 daAuts
  Lair:5: 1912 daAuts
  Lair:3: 1827 daAuts
  Lair:4: 1643 daAuts
 Snake:2: 1638 daAuts
   Orc:1: 1594 daAuts
     D:9: 1507 daAuts
     D:7: 1392 daAuts
  Lair:1: 1320 daAuts
  Lair:2: 1287 daAuts
    D:15: 1271 daAuts
    D:14: 1233 daAuts
 Snake:4: 1208 daAuts
    D:12: 1203 daAuts
